TOP OF THE 1ST |
Arizona Wildcats batting - Pitching for Saint John's Red Storm : RHP Carlos Núñes
|
Pitching: RHP Carlos Núñes
|
|
Batting: RHB Jesús Ortíz
|
0-0: Ball 1-0: SOLO HOME RUN (Flyball, 89XD), Distance : 381 ft
|
Batting: RHB Donald Fenner
|
0-0: Ground out 4-3 (Groundball, 4)
|
Batting: RHB Arnold Flint
|
0-0: Called Strike 0-1: Ball 1-1: Swinging Strike 1-2: Strikes out looking
|
Batting: RHB Jake Lawrence
|
0-0: Swinging Strike 0-1: Ball 1-1: Called Strike 1-2: Strikes out looking
|
Top of the 1st over - 1 run(s), 1 hit(s), 0 error(s), 0 left on base; Arizona 1 - Saint John's 0 |
BOTTOM OF THE 1ST |
Saint John's Red Storm batting - Pitching for Arizona Wildcats : RHP Michael Abrams
|
Pitching: RHP Michael Abrams
|
|
Batting: SHB Roderick Thurman
|
0-0: Called Strike 0-1: Ball 1-1: Called Strike 1-2: Strikes out swinging
|
Batting: RHB Miguel Hernández
|
0-0: Foul Ball, location: 2F 0-1: SINGLE (Line Drive, 8LS)
|
Batting: LHB Robby Lawson
|
0-0: Called Strike 0-1: SINGLE (Groundball, 34D) Miguel Hernández to second Runner from 2nd tries for 3rd, SAFE, no throw
|
Batting: SHB Frank Kennedy
|
0-0: Ball 1-0: Grounds into double play, 6-4-3 (Groundball, 6)
|
Bottom of the 1st over - 0 run(s), 2 hit(s), 0 error(s), 1 left on base; Arizona 1 - Saint John's 0 |
TOP OF THE 2ND |
Arizona Wildcats batting - Pitching for Saint John's Red Storm : RHP Carlos Núñes
|
Batting: RHB Jon Hartley
|
0-0: Called Strike 0-1: Ball 1-1: Ball 2-1: Swinging Strike 2-2: Foul Ball, location: 2F 2-2: Foul Ball, location: 2F 2-2: Ball 3-2: Base on Balls
|
Batting: RHB Juan Navarro
|
0-0: Foul Ball, location: 2F 0-1: Called Strike 0-2: Foul Ball, location: 2F 0-2: Fielders Choice at 2nd, 6-4 (Groundball, 6)
|
Batting: RHB Lúcio Pagán
|
0-0: Ball 1-0: Foul Ball, location: 2F 1-1: Swinging Strike 1-2: SINGLE (Line Drive, 78M) Juan Navarro to second
|
Batting: RHB Dean Oglethorpe
|
0-0: Swinging Strike 0-1: Fly out, F9 (Line Drive, 9S)
|
Batting: RHB Maurice Long
|
0-0: Ball 1-0: Foul Ball, location: 2F 1-1: Swinging Strike 1-2: Ball 2-2: Ball 3-2: Fly out, F9 (Flyball, 9S)
|
Top of the 2nd over - 0 run(s), 1 hit(s), 0 error(s), 2 left on base; Arizona 1 - Saint John's 0 |
BOTTOM OF THE 2ND |
Saint John's Red Storm batting - Pitching for Arizona Wildcats : RHP Michael Abrams
|
Batting: RHB Jeffery Evans
|
0-0: Ball 1-0: Ball 2-0: Ball 3-0: Called Strike 3-1: SINGLE (Groundball, 4D)
|
Batting: RHB Sherman Cummings
|
0-0: Ball 1-0: Ball 2-0: Ball 3-0: Called Strike 3-1: DOUBLE (Line Drive, 78M) Jeffery Evans to third Runner from 3rd tries for Home, SAFE, no throw
|
Batting: SHB Michael O'Quigley
|
0-0: Foul Ball, location: 2F 0-1: Fly out, F9 (Flyball, 9LSF)
|
Batting: SHB Richard Coupland
|
0-0: Foul Ball, location: 2F 0-1: Ball 1-1: Ball 2-1: Swinging Strike 2-2: Foul Ball, location: 2F 2-2: Ball 3-2: Strikes out swinging, 2-3 out at first.
|
Batting: SHB Ray O'Dell
|
0-0: Fly out, F3 (Line Drive, 34)
|
Bottom of the 2nd over - 1 run(s), 2 hit(s), 0 error(s), 1 left on base; Arizona 1 - Saint John's 1 |
TOP OF THE 3RD |
Arizona Wildcats batting - Pitching for Saint John's Red Storm : RHP Carlos Núñes
|
Batting: RHB Jesús Ortíz
|
0-0: Ball 1-0: SINGLE (Flyball, 7S)
|
Batting: RHB Donald Fenner
|
0-0: Grounds into double play, 4-6-3 (Groundball, 4)
|
Batting: RHB Arnold Flint
|
0-0: Ball 1-0: Ball 2-0: Swinging Strike 2-1: Foul Ball, location: 2F 2-2: Fly out, F9 (Flyball, 89M)
|
Top of the 3rd over - 0 run(s), 1 hit(s), 0 error(s), 0 left on base; Arizona 1 - Saint John's 1 |
BOTTOM OF THE 3RD |
Saint John's Red Storm batting - Pitching for Arizona Wildcats : RHP Michael Abrams
|
Batting: SHB Roderick Thurman
|
0-0: Fly out, F5 (Line Drive, 5S)
|
Batting: RHB Miguel Hernández
|
0-0: Ball 1-0: Swinging Strike 1-1: SINGLE (Line Drive, 7S)
|
Batting: LHB Robby Lawson
|
0-0: Ball 1-0: Ball 2-0: Ball 3-0: Base on Balls Miguel Hernández to second
|
Batting: SHB Frank Kennedy
|
0-0: Called Strike 0-1: Ball 1-1: Swinging Strike 1-2: Strikes out looking
|
Batting: RHB Jeffery Evans
|
0-0: Ball 1-0: Foul Ball, location: 2F 1-1: Ground out 5-3 (Groundball, 56S)
|
Bottom of the 3rd over - 0 run(s), 1 hit(s), 0 error(s), 2 left on base; Arizona 1 - Saint John's 1 |
TOP OF THE 4TH |
Arizona Wildcats batting - Pitching for Saint John's Red Storm : RHP Carlos Núñes
|
Batting: RHB Jake Lawrence
|
0-0: Ball 1-0: Called Strike 1-1: Ball 2-1: Foul Ball, location: 2F 2-2: Ball 3-2: Fly out, F8 (Flyball, 8LM)
|
Batting: RHB Jon Hartley
|
0-0: Ball 1-0: Ball 2-0: Foul Ball, location: 2F 2-1: Ball 3-1: Foul Ball, location: 2F 3-2: Strikes out looking
|
Batting: RHB Juan Navarro
|
0-0: Called Strike 0-1: Ball 1-1: Foul Ball, location: 2F 1-2: Ball 2-2: Foul Ball, location: 2F 2-2: Foul Ball, location: 2F 2-2: Foul Ball, location: 2F 2-2: Ball 3-2: Foul Ball, location: 2F 3-2: Base on Balls
|
Batting: RHB Lúcio Pagán
|
0-0: Ball 1-0: Ball 2-0: SINGLE (Line Drive, 78M) Juan Navarro to second Runner from 2nd tries for 3rd, SAFE, no throw
|
Batting: RHB Dean Oglethorpe
|
0-0: Called Strike 0-1: Ball 1-1: Ball 2-1: Ball 3-1: Foul Ball, location: 2F 3-2: Foul Ball, location: 2F 3-2: Strikes out swinging
|
Top of the 4th over - 0 run(s), 1 hit(s), 0 error(s), 2 left on base; Arizona 1 - Saint John's 1 |
BOTTOM OF THE 4TH |
Saint John's Red Storm batting - Pitching for Arizona Wildcats : RHP Michael Abrams
|
Batting: RHB Sherman Cummings
|
0-0: Foul Ball, location: 2F 0-1: Ball 1-1: Fly out, F8 (Flyball, 8RM)
|
Batting: SHB Michael O'Quigley
|
0-0: Ball 1-0: Fly out, F8 (Flyball, 8LM)
|
Batting: SHB Richard Coupland
|
0-0: Swinging Strike 0-1: Ball 1-1: Ball 2-1: Ball 3-1: Base on Balls
|
Batting: SHB Ray O'Dell
|
0-0: Ball 1-0: Ball Wild Pitch! Richard Coupland to second 2-0: Ball 3-0: Called Strike 3-1: Reached on error, E1 (Groundball, 13S) Richard Coupland scores
|
Batting: SHB Roderick Thurman
|
0-0: Swinging Strike 0-1: Foul Ball, location: 2F 0-2: Ball 1-2: SINGLE (Groundball, 4M) (infield hit) Ray O'Dell to third
|
Batting: RHB Miguel Hernández
|
0-0: Ball Wild Pitch! Ray O'Dell scores Roderick Thurman to second 1-0: Ball 2-0: Ball 3-0: Called Strike 3-1: Called Strike 3-2: Reached on error, E8 (Flyball, 8RD) Roderick Thurman scores
|
Batting: LHB Robby Lawson
|
0-0: Fly out, F9 (Flyball, 9LS)
|
Bottom of the 4th over - 3 run(s), 1 hit(s), 2 error(s), 1 left on base; Arizona 1 - Saint John's 4 |
TOP OF THE 5TH |
Arizona Wildcats batting - Pitching for Saint John's Red Storm : RHP Carlos Núñes
|
Batting: RHB Maurice Long
|
0-0: Called Strike 0-1: Ball 1-1: Foul Ball, location: 2F 1-2: Strikes out swinging
|
Batting: RHB Jesús Ortíz
|
0-0: Ball 1-0: Called Strike 1-1: Swinging Strike 1-2: Strikes out looking
|
Batting: RHB Donald Fenner
|
0-0: Called Strike 0-1: Called Strike 0-2: Fly out, F4 (Popup, 4D)
|
Top of the 5th over - 0 run(s), 0 hit(s), 0 error(s), 0 left on base; Arizona 1 - Saint John's 4 |
BOTTOM OF THE 5TH |
Saint John's Red Storm batting - Pitching for Arizona Wildcats : RHP Michael Abrams
|
Batting: SHB Frank Kennedy
|
0-0: SINGLE (Line Drive, 56)
|
Batting: RHB Jeffery Evans
|
0-0: Ball 1-0: Called Strike 1-1: Ball 2-1: Ball 3-1: Base on Balls Frank Kennedy to second
|
Pitching: RHP Kenny Gray
|
|
Batting: RHB Sherman Cummings
|
0-0: Called Strike 0-1: Ball 1-1: Ball 2-1: Foul Ball, location: 2F 2-2: Foul Ball, location: 2F 2-2: Strikes out swinging
|
Batting: SHB Michael O'Quigley
|
0-0: Called Strike 0-1: Ball 1-1: Called Strike 1-2: Fly out, F5 (Popup, 5S)
|
Batting: SHB Richard Coupland
|
0-0: Ball 1-0: Foul Ball, location: 2F 1-1: Ball 2-1: Ball 3-1: Base on Balls Frank Kennedy to third Jeffery Evans to second
|
Batting: SHB Ray O'Dell
|
0-0: Ball 1-0: Ball 2-0: Foul Ball, location: 2F 2-1: Ball 3-1: Fly out, F8 (Flyball, 8RM)
|
Bottom of the 5th over - 0 run(s), 1 hit(s), 0 error(s), 3 left on base; Arizona 1 - Saint John's 4 |
TOP OF THE 6TH |
Arizona Wildcats batting - Pitching for Saint John's Red Storm : RHP Carlos Núñes
|
Pitching: RHP Dan Rodríguez
|
|
Batting: RHB Arnold Flint
|
0-0: Ball 1-0: Called Strike 1-1: Ball 2-1: Ball 3-1: SINGLE (Flyball, 8LS)
|
Batting: RHB Jake Lawrence
|
0-0: Foul Ball, location: 2F 0-1: Foul Ball, location: 2F 0-2: Ball 1-2: SINGLE (Groundball, 34) (infield hit) Arnold Flint to second
|
Batting: RHB Jon Hartley
|
0-0: Called Strike 0-1: Swinging Strike 0-2: Ball 1-2: Foul Ball, location: 2F 1-2: Ball 2-2: Strikes out swinging
|
Batting: RHB Juan Navarro
|
0-0: Called Strike 0-1: Ball 1-1: SINGLE (Groundball, 56D) Arnold Flint to third Jake Lawrence to second Runner from 3rd tries for Home, SAFE, throw made home Jake Lawrence to third Juan Navarro to second
|
Batting: RHB Lúcio Pagán
|
0-0: Called Strike 0-1: Called Strike 0-2: Fly out, F6 (Popup, 6D)
|
Batting: RHB Dean Oglethorpe
|
0-0: Ball 1-0: Swinging Strike 1-1: Ball 2-1: Called Strike 2-2: Ball 3-2: Strikes out swinging
|
Top of the 6th over - 1 run(s), 3 hit(s), 0 error(s), 2 left on base; Arizona 2 - Saint John's 4 |
BOTTOM OF THE 6TH |
Saint John's Red Storm batting - Pitching for Arizona Wildcats : RHP Kenny Gray
|
Batting: SHB Roderick Thurman
|
0-0: Called Strike 0-1: Foul Ball, location: 2F 0-2: Foul Ball, location: 2F 0-2: Ball 1-2: Ball 2-2: Strikes out swinging
|
Batting: RHB Miguel Hernández
|
0-0: Foul Ball, location: 2F 0-1: Ball 1-1: DOUBLE (Groundball, 3L)
|
Batting: LHB Robby Lawson
|
0-0: Called Strike 0-1: Called Strike 0-2: SINGLE (Groundball, 6MD) Miguel Hernández to third Runner from 3rd tries for Home, SAFE, throw made home
|
Batting: SHB Frank Kennedy
|
0-0: Grounds into double play, 4-6-3 (Groundball, 4)
|
Bottom of the 6th over - 1 run(s), 2 hit(s), 0 error(s), 0 left on base; Arizona 2 - Saint John's 5 |
TOP OF THE 7TH |
Arizona Wildcats batting - Pitching for Saint John's Red Storm : RHP Dan Rodríguez
|
Batting: RHB Maurice Long
|
0-0: Ball 1-0: Swinging Strike 1-1: Swinging Strike 1-2: Ball 2-2: Ball 3-2: Foul Ball, location: 2F 3-2: Strikes out swinging
|
Pitching: RHP Tim Allen
|
|
Batting: RHB Jesús Ortíz
|
0-0: Ball 1-0: Called Strike 1-1: Ball 2-1: Ground out 6-3 (Groundball, 6)
|
Batting: RHB Donald Fenner
|
0-0: Ball 1-0: Ball 2-0: Ball 3-0: Called Strike 3-1: Base on Balls
|
Batting: RHB Arnold Flint
|
0-0: Fly out, F8 (Line Drive, 8LM)
|
Top of the 7th over - 0 run(s), 0 hit(s), 0 error(s), 1 left on base; Arizona 2 - Saint John's 5 |
BOTTOM OF THE 7TH |
Saint John's Red Storm batting - Pitching for Arizona Wildcats : RHP Kenny Gray
|
Batting: RHB Jeffery Evans
|
0-0: Ball 1-0: SINGLE (Groundball, 34D)
|
Batting: RHB Sherman Cummings
|
0-0: Foul Ball, location: 2F 0-1: SINGLE (Groundball, 34D) Jeffery Evans to second Runner from 2nd tries for 3rd, SAFE, no throw
|
Batting: SHB Michael O'Quigley
|
0-0: Called Strike 0-1: Swinging Strike 0-2: Strikes out swinging
|
Batting: SHB Richard Coupland
|
0-0: Called Strike 0-1: Swinging Strike 0-2: DOUBLE (Flyball, 78M) Jeffery Evans scores Sherman Cummings to third
|
Pitching: RHP Cedric Shaw
|
|
Batting: SHB Ray O'Dell
|
0-0: Ball 1-0: Called Strike 1-1: Ball 2-1: Called Strike 2-2: Ball 3-2: Strikes out swinging
|
Batting: SHB Roderick Thurman
|
0-0: Called Strike 0-1: Ball 1-1: Foul Ball, location: 2F 1-2: Ball 2-2: Foul Ball, location: 2F 2-2: Strikes out swinging
|
Bottom of the 7th over - 1 run(s), 3 hit(s), 0 error(s), 2 left on base; Arizona 2 - Saint John's 6 |
TOP OF THE 8TH |
Arizona Wildcats batting - Pitching for Saint John's Red Storm : RHP Tim Allen
|
Batting: RHB Jake Lawrence
|
0-0: Ball 1-0: Foul Ball, location: 2F 1-1: Called Strike 1-2: Ball 2-2: Ball 3-2: Base on Balls
|
Batting: RHB Jon Hartley
|
0-0: Ball 1-0: Ball 2-0: Called Strike 2-1: Ball 3-1: Base on Balls Jake Lawrence to second
|
Batting: RHB Juan Navarro
|
0-0: Ball 1-0: Swinging Strike 1-1: Foul Ball, location: 2F 1-2: Strikes out looking
|
Batting: RHB Lúcio Pagán
|
0-0: Grounds into double play, 6-4-3 (Groundball, 6)
|
Top of the 8th over - 0 run(s), 0 hit(s), 0 error(s), 1 left on base; Arizona 2 - Saint John's 6 |
BOTTOM OF THE 8TH |
Saint John's Red Storm batting - Pitching for Arizona Wildcats : RHP Cedric Shaw
|
Batting: RHB Miguel Hernández
|
0-0: Ball 1-0: Foul Ball, location: 2F 1-1: Ball 2-1: Ground out 4-3 (Groundball, 4)
|
Batting: LHB Robby Lawson
|
0-0: Called Strike 0-1: Swinging Strike 0-2: Ball 1-2: Strikes out swinging
|
Batting: SHB Frank Kennedy
|
0-0: Single, Error in OF, E8, batter to second base
|
Batting: RHB Jeffery Evans
|
0-0: Called Strike 0-1: Ball 1-1: Ball 2-1: Swinging Strike 2-2: Foul Ball, location: 2F 2-2: Ball 3-2: Strikes out swinging
|
Bottom of the 8th over - 0 run(s), 1 hit(s), 1 error(s), 1 left on base; Arizona 2 - Saint John's 6 |
TOP OF THE 9TH |
Arizona Wildcats batting - Pitching for Saint John's Red Storm : RHP Tim Allen
|
Batting: RHB Dean Oglethorpe
|
0-0: Foul Ball, location: 2F 0-1: Ball 1-1: Foul Ball, location: 2F 1-2: Strikes out looking
|
Batting: RHB Maurice Long
|
0-0: Ball 1-0: Swinging Strike 1-1: Ball 2-1: Called Strike 2-2: Ball 3-2: Base on Balls
|
Batting: RHB Jesús Ortíz
|
0-0: Called Strike 0-1: Ball 1-1: Called Strike 1-2: Ball 2-2: Foul Ball, location: 2F 2-2: Fly out, F9 (Flyball, 9LS)
|
Pitching: RHP Andrew Luna
|
|
Batting: RHB Donald Fenner
|
0-0: Ball 1-0: Swinging Strike 1-1: Ball 2-1: Called Strike 2-2: SINGLE (Groundball, 56S) (infield hit) Maurice Long to second
|
Pitching: RHP Bill Simmons
|
|
Batting: RHB Arnold Flint
|
0-0: Ball 1-0: Called Strike 1-1: Ball 2-1: Ball 3-1: Fly out, F9 (Flyball, 89M)
|
Top of the 9th over - 0 run(s), 1 hit(s), 0 error(s), 2 left on base; Arizona 2 - Saint John's 6 |
|